 Dungeon Crawl Stone Soup version 0.27-a0-498-g7ecbb0a48f (webtiles) character file.

Game seed: 9745950022946014428

2 siradein the Sneak (level 1, 0/16 HPs)
             Began as a Demonspawn Brigand on Mar 2, 2021.
             Killed from afar by a dart slug (4 damage)
             ... with a slug dart
             ... on level 1 of the Dungeon.
             The game lasted 00:00:23 (73 turns).

siradein the Sneak (Demonspawn Brigand)               Turns: 73, Time: 00:00:24

Health: 0/16       AC:  3    Str: 11    XL:     1   Next: 25%
Magic:  1/1        EV: 11    Int: 12    God:
Gold:   10         SH:  0    Dex: 14    Spells: 0/0 levels left

rFire    . . .     SeeInvis .   a - +2 dagger
rCold    . . .     Faith    .   (no shield)
rNeg     . . .     Spirit   .   b - +0 robe
rPois    .         Reflect  .   (no helmet)
rElec    .         Harm     .   c - +0 cloak
rCorr    .         Rampage  .   (no gloves)
Will     .....                  (no boots)
Stlth    ++........             (no amulet)
HPRegen  0.05/turn              (no ring)
MPRegen  0.07/turn              (no ring)

@: no status effects
A: no striking features
a: no special abilities


You were on level 1 of the Dungeon.
You visited 1 branch of the dungeon, and saw 1 of its levels.

You collected 10 gold pieces.

Inventory:

Hand Weapons
 a - a +2 dagger (weapon)
Missiles
 d - 8 poisoned darts (quivered)
 e - 2 curare-tipped darts
Armour
 b - a +0 robe (worn)
 c - a +0 cloak (worn)
Potions
 f - a potion of flight {unknown}


   Skills:
 - Level 2.0 Fighting
 + Level 1.8 Short Blades
 + Level 1.8 Throwing
 - Level 0.8 Dodging
 - Level 3.6 Stealth


You couldn't memorise any spells.
You didn't know any spells.
Your spell library was empty.

Dungeon Overview and Level Annotations

Branches:
Dungeon (1/15)

Altars:


Message History

You hit the goblin.
The goblin is severely wounded.
The goblin closely misses you.
You closely miss the goblin.
The goblin is severely wounded.
The goblin barely misses you. The frilled lizard bites you.
You hit the frilled lizard.
The frilled lizard is heavily wounded.
The goblin closely misses you. The frilled lizard barely misses you.
You hit the goblin but do no damage.
The goblin is severely wounded.
The rat misses you. The goblin hits you with a +0 dagger.
The frilled lizard bites you. The rat barely misses you.
The rat twitches its whiskers.
The rat closely misses you.
You hit the goblin.
The goblin is moderately wounded.
The goblin hits you but does no damage.
You hit the goblin.
You kill the goblin!
You closely miss the rat.
The frilled lizard unfolds its giant frill.
The rat bites you.
You hit the rat.
The rat is severely wounded.
You hit the rat.
You kill the rat!
You hit the dart slug.
The dart slug is moderately wounded.
You hit the dart slug.
The dart slug is almost dead.
The dart slug launches a dart at you. The slug dart hits you.
* * * LOW HITPOINT WARNING * * *
You barely miss the dart slug.
The dart slug is almost dead.
The dart slug launches a dart at you. The slug dart hits you.
You die...

## .. .S #. . #. .
########. .# ..
...g....###.#.⌠ ###
#..#..#.
##.#########...# .###≈
#......@wl.....#....≈≈
##.########....#....≈≈
#.##### ####....#
#.##∩∩#######...#...#
#.##.......∩#..(# .#
#.##÷.........#.#
#.##.##..........#
#.##.##...÷........
#.#........∩#.###...


You could see a dart slug and a frilled lizard.

Vanquished Creatures
  A goblin (D:1)
  A rat (D:1)
2 creatures vanquished.

Notes
Turn   | Place    | Note
-------+----------+-------------------------------------------
     0 | D:1      | siradein the Demonspawn Brigand began the quest for the
                  | Orb.
     0 | D:1      | Reached XP level 1. HP: 16/16 MP: 1/1
    73 | D:1      | Killed from afar by a dart slug

Illustrated notes

Levels and vault maps discovered:
D:1:      amcnicky_arrival_abandoned_market, layout_loops_ring,
          hangedman_feature_mirror, fountainhead, minivault_25

Action                   || total
-------------------------++-------
Melee: Dagger            ||    16
Armor: Robe              ||     1
Dodge: Dodged            ||     8

Table legend: (Time is in decaauts)
 A = Elapsed time spent in this place.
 B = Non-inter-level travel time spent in this place.
 C = Inter-level travel time spent in this place.
 D = Time resting spent in this place.
 E = Time spent auto-exploring this place.
 F = Levels seen in this place.
 G = Mean time per level.
                   A        B        C        D        E       F      G
               +--------+--------+--------+--------+--------+-----+--------+
         Total |     71 |     71 |      0 |      0 |     41 |   1 |   71.0 |
       Dungeon |     71 |     71 |      0 |      0 |     41 |   1 |   71.0 |
               +--------+--------+--------+--------+--------+-----+--------+

Top non-repeatable levels by time:
     D:1: 71 daAuts
